 Dungeon Crawl Stone Soup version 0.20.1-1-g8b1a95d (webtiles) character file.

8771 KoningWillie the Carver (level 11, -4/93 (95) HPs)
             Began as a Minotaur Fighter on Oct 27, 2017.
             Was an Elder of the Shining One.
             Killed from afar by a centaur (19 damage)
             ... with a wand of lightning (?/15)
             ... on level 10 of the Dungeon.
             The game lasted 00:21:40 (8808 turns).

KoningWillie the Carver (Minotaur Fighter)          Turns: 8808, Time: 00:21:40

HP:   -4/93 (95)    AC: 10    Str: 24    XL:     11   Next: 14%
MP:   0/11          EV: 11    Int:  5    God:    the Shining One [****..]
Gold: 531           SH: 12    Dex: 10    Spells: 10/10 levels left

rFire    . . .     SeeInvis .   a - +1 long sword
rCold    + . .     Gourm    .   c - +0 shield
rNeg     + + .     Faith    .   b - +0 scale mail
rPois    .         Spirit   +   (helmet restricted)
rElec    .         Reflect  .   (no cloak)
rCorr    .         Harm     .   (no gloves)
MR       .....                  q - +0 pair of boots
Stlth    ..........             C - amulet of guardian spirit
Regen    0.3/turn               w - ring of protection from cold
MPRegen  0.2/turn               z - ring of wizardry

@: glowing
A: retaliatory headbutt, horns 2
a: Divine Shield, Cleansing Flame, Renounce Religion


You were on level 10 of the Dungeon.
You worshipped the Shining One.
The Shining One was greatly pleased with you.
You were not hungry.

You visited 1 branch of the dungeon, and saw 10 of its levels.

You collected 531 gold pieces.

Inventory:

Hand Weapons
 a - a +1 long sword (weapon)
Armour
 b - a +0 scale mail (worn)
 c - a +0 shield (worn)
 q - a +0 pair of boots (worn)
Jewellery
 s - an uncursed amulet of magic regeneration
 w - a ring of protection from cold (left hand)
 z - a ring of wizardry (right hand)
 C - an amulet of guardian spirit (around neck)
Wands
 k - a wand of iceblast (1/15)
 o - a wand of confusion (19/48)
 B - a wand of paralysis (3/24)
 D - a wand of lightning (2/15)
Scrolls
 e - 2 scrolls of remove curse
 g - 2 scrolls of enchant weapon
 h - 2 scrolls of immolation
 y - a scroll of fog
Potions
 d - 2 potions of might
 f - 4 potions of haste
 i - 2 potions of ambrosia
 n - 2 potions of curing {unknown}
 r - a potion of invisibility {unknown}
 u - a potion of flight {unknown}
 v - 2 potions of degeneration {unknown}
 x - a potion of mutation {unknown}
 A - 3 potions of lignification {unknown}
 F - a potion of heal wounds {unknown}
Books
 t - a book of Changes

   Spells                             Type                      Level
   a - Beastly Appendage              Transmutation                1
   b - Sticks to Snakes               Transmutation                2
   c - Spider Form                    Transmutation/Poison         3
   d - Ice Form                       Ice/Transmutation            4
   e - Blade Hands                    Transmutation                5
 E - a Young Poisoner's Handbook

   Spells                             Type                      Level
   a - Sting                          Conjuration/Poison           1
   b - Poisonous Vapours              Poison/Air                   2
   c - Mephitic Cloud                 Conjuration/Poison/Air       3
   d - Olgreb's Toxic Radiance        Poison                       4
   e - Venom Bolt                     Conjuration/Poison           5
 G - a book of Misfortune

   Spells                             Type                      Level
   a - Confusing Touch                Hexes                        1
   b - Confuse                        Hexes                        3
   c - Gell's Gravitas                Translocation                3
   d - Petrify                        Transmutation/Earth          4
   e - Metabolic Englaciation         Hexes/Ice                    5
   f - Yara's Violent Unravelling     Hexes/Transmutation          5
Comestibles
 l - 21 fruits
 m - 2 meat rations
 p - 9 royal jellies


   Skills:
 + Level 8.8 Fighting
 + Level 12.1 Long Blades
 + Level 9.6 Armour
 + Level 5.4 Dodging
 + Level 1.5 Stealth
 + Level 10.2 Shields
 + Level 2.1 Evocations


You had 10 spell levels left.
You didn't know any spells.

Dungeon Overview and Level Annotations

Branches:
Dungeon (10/15)            Temple (0/1) D:5            Lair (0/6) D:10
    Orc: D:9-12

Altars:
Kikubaaqudgha
Qazlal
Xom
Yredelemnul
The Shining One

Shops:
D:10 [

Annotations:
D:7 Alioren's ghost, novice MiFi
D:8 3 exclusions
D:9 exclusion: door


Innate Abilities, Weirdness & Mutations

You reflexively headbutt those who attack you in melee.
You have a pair of horns on your head.


Message History

It is a wand of lightning (?/15).
The centaur wields a shortbow.
The centaur shoots an arrow.
You block the arrow.
You see here an arrow.
The centaur zaps a wand.
The bolt of lightning hits you!
The centaur zaps a wand.
The bolt of lightning misses you.
The centaur shoots an arrow.
The arrow hits you.
You see here an arrow.
You slash the centaur! Your headbutt misses the centaur.
The centaur is heavily wounded.
The centaur zaps a wand.
The bolt of lightning hits you! x2
* * * LOW HITPOINT WARNING * * *
You completely miss the centaur. Your headbutt misses the centaur.
The centaur is heavily wounded.
The centaur unwields an uncursed shortbow.
The centaur completely misses you.
You slash the centaur!
The centaur is almost dead.
The centaur zaps a wand.
The bolt of lightning hits you!
You die...

##### #...# #.#.### #.....#
#.#.#.### #.......####
#.#.#.#....############
#.....................#
#.#.#.#.#..@c.........# ##
#.......(.(...........# ###.
##.#..##...#...........# #>'.
#......................# #.#.
#..#.#...#.#.#.........###.#.
#........#.............'...#.
#..#.#.#...#.#.#.......#####.
#......................# #.
#..#.#.#.#.#.#.#.#.....# #.


You could see a centaur.

Vanquished Creatures
  2 two-headed ogres (D:10)
  An unseen horror (D:9)
  Psyche (D:8)
  A centaur skeleton (D:10)
  2 gargoyles (D:10)
  2 dream sheep (D:8)
  A hippogriff (D:10)
  3 yaks
  Grum (D:10)
  A water moccasin (D:10)
  2 porcupines (D:10)
  A sky beast (D:5)
  3 black bears (D:10)
  An orc warrior (D:8)
  An ice beast (D:7)
  3 ogres
  2 necrophages
  4 wolves
  6 centaurs
  2 crocodiles (D:10)
  4 big kobolds
  6 bullfrogs
  A scorpion (D:6)
  3 killer bees (D:8)
  6 wights
  3 howler monkeys
  2 bullfrog zombies
  3 hounds
  9 orc priests
  4 bullfrog skeletons
  A centaur zombie (D:9)
  2 iguanas
  Natasha (twice) (D:3)
  5 orc wizards
  3 worker ants
  2 worker ant zombies (D:5)
  7 gnolls
  17 adders
  3 shadow imps
  2 oozes
  3 adder skeletons
  2 adder zombies
  A dart slug (D:1)
  9 leopard geckos
  33 orcs
  6 giant cockroaches
  7 goblins
  5 hobgoblins
  14 jackals
  8 kobolds
  4 quokkas
  4 ball pythons (D:4)
  8 bats
  4 frilled lizards
  A leopard gecko skeleton (D:6)
  9 rats
243 creatures vanquished.

Vanquished Creatures (others)
  17 fungi (D:10)
  A plant (D:10)
18 creatures vanquished.

Grand Total: 261 creatures vanquished

Notes
Turn   | Place    | Note
-------+----------+-------------------------------------------
     0 | D:1      | KoningWillie the Minotaur Fighter began the quest for the Orb.
     0 | D:1      | Reached XP level 1. HP: 19/19 MP: 0/0
   139 | D:1      | Reached XP level 2. HP: 24/27 MP: 1/1
   424 | D:1      | Reached XP level 3. HP: 29/33 MP: 2/2
   966 | D:2      | Found a faded altar of an unknown god.
  1189 | D:2      | Reached XP level 4. HP: 36/40 MP: 3/3
  1767 | D:3      | Noticed Natasha
  1776 | D:3      | Killed Natasha
  1776 | D:3      | Reached skill level 1 in Dodging
  2307 | D:3      | Reached skill level 5 in Shields
  2313 | D:3      | Reached skill level 5 in Armour
  2313 | D:3      | Reached XP level 5. HP: 36/46 MP: 4/4
  2398 | D:3      | Noticed Natasha
  2404 | D:3      | Killed Natasha
  2404 | D:3      | Reached skill level 3 in Long Blades
  2713 | D:4      | Found a shimmering altar of Xom.
  2713 | D:4      | Found a basalt altar of Yredelemnul.
  2713 | D:4      | Found a glowing golden altar of the Shining One.
  2727 | D:4      | Became a worshipper of the Shining One
  2891 | D:4      | Found an ancient bone altar of Kikubaaqudgha.
  3326 | D:4      | Reached XP level 6. HP: 48/53 MP: 5/5
  3611 | D:5      | Entered Level 5 of the Dungeon
  3685 | D:5      | Reached skill level 4 in Long Blades
  3797 | D:5      | Found a staircase to the Ecumenical Temple.
  3801 | D:5      | Noticed a sky beast
  3806 | D:5      | Killed a sky beast
  3815 | D:5      | Found a stormy altar of Qazlal.
  3846 | D:5      | Reached * piety under the Shining One
  3846 | D:5      | Reached skill level 5 in Long Blades
  3846 | D:5      | Reached XP level 7. HP: 60/60 MP: 6/6
  4102 | D:5      | Reached skill level 5 in Fighting
  4519 | D:6      | Reached skill level 6 in Long Blades
  4590 | D:6      | Reached XP level 8. HP: 55/68 MP: 7/7
  4939 | D:6      | Reached skill level 7 in Long Blades
  5224 | D:6      | Reached ** piety under the Shining One
  5584 | D:7      | Reached skill level 1 in Evocations
  5797 | D:7      | Reached skill level 8 in Long Blades
  5805 | D:7      | Reached skill level 1 in Stealth
  5910 | D:7      | Reached XP level 9. HP: 49/73 MP: 6/8
  5917 | D:7      | Noticed Alioren's ghost (novice MiFi)
  5927 | D:8      | Noticed Psyche
  5932 | D:8      | Killed Psyche
  5933 | D:8      | Reached skill level 9 in Long Blades
  6319 | D:8      | Reached skill level 10 in Long Blades
  6488 | D:8      | Noticed a two-headed hydra
  6602 | D:8      | Reached *** piety under the Shining One
  6942 | D:9      | Noticed a two-headed ogre
  7023 | D:9      | Reached XP level 10. HP: 80/84 MP: 9/9
  7042 | D:10     | Entered Level 10 of the Dungeon
  7119 | D:10     | Noticed Grum
  7120 | D:10     | Found a staircase to the Lair.
  7122 | D:10     | Noticed an unseen horror
  7143 | D:9      | Killed an unseen horror
  7315 | D:10     | Killed Grum
  7315 | D:10     | Reached skill level 11 in Long Blades
  7539 | D:10     | Noticed a two-headed ogre
  7556 | D:10     | Killed a two-headed ogre
  7556 | D:10     | Reached skill level 5 in Dodging
  7653 | D:10     | Noticed a two-headed ogre
  7663 | D:10     | Killed a two-headed ogre
  7663 | D:10     | Reached skill level 10 in Shields
  7859 | D:10     | Reached **** piety under the Shining One
  7912 | D:10     | Noticed a gargoyle
  7956 | D:10     | Reached XP level 11. HP: 93/93 MP: 11/11
  8119 | D:10     | Found Awiggo Xure's Antique Armour Boutique.
  8264 | D:10     | Reached skill level 12 in Long Blades
  8808 | D:10     | Killed from afar by a centaur

Skill      XL: |  1  2  3  4  5  6  7  8  9 10 11 |
---------------+----------------------------------+-----
Armour         | 4 5 6 7 8 9 |  9.6
Shields        | 4 5 6 8 10 | 10.2
Fighting       | 4 5 7 8 |  8.8
Dodging        | 1 2 3 4 5 |  5.4
Long Blades    | 3 5 6 8 10 11 12 | 12.1
Evocations     | 1 2 |  2.1
Stealth        | 1 |  1.5

Action                   |  1- 3 |  4- 6 |  7- 9 | 10-12 || total
-------------------------+-------+-------+-------+-------++-------
Melee: Long sword        |    85 |   126 |   225 |   178 ||   614
       Headbutt          |    12 |    26 |    45 |    47 ||   130
Evoke: Wand              |       |     4 |    10 |    11 ||    25
  Use: Scroll            |     3 |    10 |     4 |     2 ||    19
  Eat: Bread ration      |     1 |     2 |     2 |     1 ||     6
Armor: Scale mail        |    47 |    51 |    73 |    58 ||   229
Dodge: Dodged            |    33 |    52 |    73 |    75 ||   233
Block: Shield            |    58 |    70 |   123 |   123 ||   374
       Rpst.: Long sword |     6 |    19 |    20 |    14 ||    59
